 Dungeon Crawl Stone Soup version 0.29.1-12-g30fa7ad0bf (webtiles) character file.

Game seed: 6573197505242669008

889 Coaxmetal the Digger (level 8, 0/46 HPs)
             Began as a Gargoyle Earth Elementalist on Dec 18, 2022.
             Was an Initiate of Vehumet.
             Slain by a steam dragon (1 damage)
             ... on level 6 of the Dungeon.
             The game lasted 00:05:41 (5395 turns).

Coaxmetal the Digger (Gargoyle Earth Elementalist)  Turns: 5395, Time: 00:05:41

Health: 0/46       AC:  9    Str: 12    XL:     8   Next: 6%
Magic:  0/13       EV: 12    Int: 18    God:    Vehumet [......]
Gold:   505        SH:  0    Dex: 10    Spells: 10/14 levels left

rFire   . . .      SeeInvis .   a - +1 dagger (drain)
rCold   . . .      Faith    .   (no shield)
rNeg    + . .      Spirit   .   w - +0 robe
rPois   ∞          Reflect  .   x - +1 hat
rElec   +          Harm     .   (no cloak)
rCorr   .          Rampage  .   (no gloves)
Will    .....                   q - +0 pair of boots
Stlth   ++........              (no amulet)
HPRegen 0.15/turn               (no ring)
MPRegen 0.13/turn               (no ring)

@: very slightly contaminated
A: sickness immunity, AC +5, negative energy resistance 1, electricity
resistance, torment resistance 1, petrification resistance
a: Renounce Religion


You were on level 6 of the Dungeon.
You worshipped Vehumet.
Vehumet was noncommittal.
You visited 1 branch of the dungeon, and saw 6 of its levels.
You also visited: Sewer and Ossuary.

You collected 505 gold pieces.

Inventory:

Hand Weapons
 a - a +1 dagger of draining (weapon)
 b - a +0 sling
Armour
 q - a +0 pair of boots (worn)
 w - a +0 robe (worn)
 x - a +1 hat (worn)
Jewellery
 o - a ring of willpower
Scrolls
 d - a scroll of magic mapping {unknown}
 e - 4 scrolls of teleportation {unknown}
 f - 2 scrolls of amnesia {unknown}
 g - a scroll of vulnerability {unknown}
 h - a scroll of poison {unknown}
 i - a scroll of fear {unknown}
 k - 3 scrolls of identify {unknown}
 m - 2 scrolls of torment {unknown}
 n - 2 scrolls of enchant weapon {unknown}
 p - a scroll of blinking {unknown}
 r - a scroll of brand weapon {unknown}
Potions
 c - 2 potions of might {unknown}
 j - 3 potions of brilliance {unknown}
 l - 3 potions of curing {unknown}
 s - 4 potions of cancellation {unknown}
 t - a potion of invisibility {unknown}
 u - a potion of degeneration {unknown}
 v - a potion of magic
 z - a potion of attraction {unknown}


   Skills:
 + Level 3.4 Fighting
 + Level 3.2 Dodging
 + Level 4.1 Stealth
 + Level 3.6 Spellcasting
 - Level 3.0 Conjurations
 - Level 0.7 Transmutations
 * Level 6.9 Earth Magic


You had 10 spell levels left.
You knew the following spells:

 Your Spells              Type           Power      Damage    Failure   Level
a - Sandblast             Erth           56%        2d13      1%          1
b - Stone Arrow           Conj/Erth      42%        3d9       6%          3

Your spell library contained the following spells:

 Spells                   Type           Power      Damage    Failure   Level
 Passwall                 Tmut/Erth      14%        N/A       4%          2
 Petrify                  Tmut/Erth      17%        N/A       30%         4


Dungeon Overview and Level Annotations

Branches:
Dungeon (7/15)             Temple (0/1) D:4           Sewer (visited)
Ossuary (visited)

Altars:
Qazlal
Sif Muna
Vehumet
The Shining One

Shops:
D:1 [


Innate Abilities, Weirdness & Mutations

You are immune to sickness and miasma.
Your stone body is resilient. (AC +5)
You are immune to poison.
You resist negative energy. (rN+)
You are resistant to electric shocks. (rElec)
You are resistant to unholy torment.
You are immune to petrification.


Message History

Casting: Stone Arrow (dangerous; 6% risk of failure)
Confirm with . or Enter, or press ? or * to list all spells.
Aiming: Stone Arrow (dangerous; 6% risk of failure)
Press: ? - help, Shift-Dir - straight line, f - steam dragon
Aim: a steam dragon (71% to hit)
You miscast Stone Arrow.
You are very lightly contaminated with residual magic.
Nothing appears to happen.
Casting: Stone Arrow (dangerous; 6% risk of failure)
Confirm with . or Enter, or press ? or * to list all spells.
Aiming: Stone Arrow (dangerous; 6% risk of failure)
Press: ? - help, Shift-Dir - straight line, f/p - steam dragon
Aim: a steam dragon (71% to hit)
The stone arrow hits the steam dragon!
The steam dragon is moderately wounded.
The steam dragon breathes steam at you. The ball of steam hits you!
Aiming: Sandblast (safe; 1% risk of failure)
Press: ? - help, Q - select action, (/) - cycle Shift-Dir - straight line, f/p - steam dragon
Aim: a steam dragon (moderately wounded, 83% to hit)
The blast of sand misses the steam dragon.
The steam dragon bites you! The steam dragon barely misses you.
The steam dragon bites you! The steam dragon claws you.
Aiming: Sandblast (safe; 1% risk of failure)
Press: ? - help, Q - select action, (/) - cycle Shift-Dir - straight line, f/p - steam dragon
Aim: a steam dragon (moderately wounded, 83% to hit)
The blast of sand hits the steam dragon!
The steam dragon is heavily wounded.
The steam dragon closely misses you.
The steam dragon claws you but does no damage.
Aiming: Sandblast (safe; 1% risk of failure)
Press: ? - help, Q - select action, (/) - cycle Shift-Dir - straight line, f/p - steam dragon
Aim: a steam dragon (heavily wounded, 83% to hit)
The blast of sand hits the steam dragon!
The steam dragon is almost dead.
The steam dragon breathes steam at you. The ball of steam hits you!!
* * * LOW HITPOINT WARNING * * *
The steam dragon bites you.
You die...

#. #. #. #.#####
#.....#
#####..#..# #
.......†..##.###
#.§§@D......
###..§####.#
##.## #.# #.#
#+#


You could see a steam dragon (catching breath).

Vanquished Creatures
  A water moccasin (Sewer)
  An ice beast (D:7)
  An orc warrior (D:7)
  A bullfrog (D:7)
  2 elf zombies (Ossuary)
  A necrophage (D:6)
  A centaur zombie (Ossuary)
  2 jellies
  2 iguanas (D:4)
  An orc wizard (D:7)
  2 mummies (Ossuary)
  7 adders
  A shadow imp (D:7)
  A worm (D:3)
  2 dart slugs
  4 orcs
  10 ball pythons
  5 bats
  5 endoplasms
  5 giant cockroaches
  6 goblins
  2 hobgoblins
  4 jackals
  3 quokkas (D:3)
  2 frilled lizards
  A gnoll zombie (Ossuary)
  5 goblin zombies (Ossuary)
  4 hobgoblin zombies (Ossuary)
  5 kobolds
  An orc zombie (Ossuary)
  10 rats
98 creatures vanquished.

Notes
Turn   | Place    | Note
-------+----------+-------------------------------------------
     0 | D:1      | Coaxmetal the Gargoyle Earth Elementalist began the quest
                  | for the Orb.
     0 | D:1      | Reached XP level 1. HP: 10/10 MP: 3/3
   311 | D:1      | Reached XP level 2. HP: 16/16 MP: 3/5
   393 | D:1      | Reached skill level 4 in Earth Magic
   486 | D:1      | Found Camazan's Antique Armour Shop.
   962 | D:1      | Reached skill level 1 in Fighting
  1154 | D:2      | Reached XP level 3. HP: 20/20 MP: 3/6
  1386 | D:2      | Learned a level 3 spell: Stone Arrow
  1435 | D:2      | Found a shimmering blue altar of Sif Muna.
  1478 | D:2      | Found a faded altar of an unknown god.
  1671 | D:2      | Reached XP level 4. HP: 25/25 MP: 4/7
  2655 | D:3      | Found a glowing drain.
  2666 | Sewer    | Entered a sewer
  2784 | Sewer    | Noticed a water moccasin
  2792 | Sewer    | Killed a water moccasin
  2793 | Sewer    | Reached skill level 1 in Conjurations
  2793 | Sewer    | Reached skill level 5 in Earth Magic
  2793 | Sewer    | Reached XP level 5. HP: 29/30 MP: 2/9
  3128 | D:4      | Reached XP level 6. HP: 21/35 MP: 5/10
  3399 | D:4      | Found a sand-covered staircase.
  3451 | Ossuary  | Entered an ossuary
  3915 | D:4      | Reached skill level 6 in Earth Magic
  4016 | D:4      | Reached XP level 7. HP: 40/40 MP: 8/11
  4197 | D:4      | Found a staircase to the Ecumenical Temple.
  4203 | D:4      | Identified the +3 leather armour of Wonder {Harm rElec}
  4543 | D:4      | You fall into a shaft and drop 3 floors!
  4716 | D:7      | Found a radiant altar of Vehumet.
  4722 | D:7      | Became a worshipper of Vehumet
  5364 | D:7      | Found a stormy altar of Qazlal.
  5364 | D:7      | Found a glowing golden altar of the Shining One.
  5386 | D:6      | Noticed a steam dragon
  5389 | D:6      | Reached XP level 8. HP: 46/46 MP: 8/13
  5395 | D:6      | HP: 1/46 [steam dragon/ball of steam (19)]
  5395 | D:6      | Slain by a steam dragon

Illustrated notes

Levels and vault maps discovered:
D:1:      dpeg_arrival_concentric_ovals, layout_loops_corners, serial_shops,
          nicolae_shop_statue_plus
D:2:      layout_loops_ring, basic_altar,
          shapermc_ecumenical_altar_totnotflames, grunt_ministairs_12
D:3:      layout_basic, gup_sewer_entry_bubbles
D:4:      layout_basic, minmay_temple_entry_statues_fountains,
          chequers_ossuary_entry_cave
D:6:      layout_loops_corners, hellmonk_ghost_happy_afterlife,
          amethyst_killhole, lexackson_kobold_supper
D:7:      layout_loops_corners, mainiacjoe_overflow_alcove_4,
          nzn_wu_jian_council_hall, gammafunk_temple_overflow_pools

Skill      XL: |  1  2  3  4  5  6  7 |
---------------+----------------------+-----
Earth Magic    | 4 5 6 |  6.9
Fighting       | 1 2 3 |  3.4
Dodging        | 2 3 |  3.2
Conjurations   | 1 2 3 |  3.0
Stealth        | 3 4 |  4.1
Spellcasting   | 3 |  3.6
Transmutations | |  0.7

Action                   |  1- 3 |  4- 6 |  7- 9 || total
-------------------------+-------+-------+-------++-------
Melee: Unarmed           |     1 |     3 |       ||     4
       Mace              |       |    12 |       ||    12
 Fire: Sling             |       |     4 |       ||     4
 Cast: Sandblast         |    49 |    72 |    30 ||   151
       Stone Arrow       |       |       |     5 ||     5
Armor: Robe              |     3 |    23 |     6 ||    32
Dodge: Dodged            |     7 |    38 |    10 ||    55
